 Dungeon Crawl Stone Soup version 0.30.1-3-gfc49f6343a (webtiles) character file.

Game seed: 15298494481065197677

189 shmup the Firebug (level 5, 0/42 HPs)
             Began as a Tengu Fire Elementalist on July 26, 2023.
             Succumbed to a scorpion's poison
             ... on level 6 of the Dungeon on July 27, 2023.
             The game lasted 00:06:06 (2136 turns).

shmup the Firebug (Tengu Fire Elementalist)         Turns: 2136, Time: 00:06:06

Health: 0/42       AC: 22    Str:  9    XL:     5   Next: 68%
Magic:  1/9        EV:  2    Int: 17    God:
Gold:   172        SH:  5    Dex: 14    Spells: 5/8 levels left

rFire   + . .        a - +4 dagger
rCold   x . .        (no shield)
rNeg    . . .        f - melded +0 robe
rPois   +            (helmet currently unavailable)
rElec   .            (cloak currently unavailable)
rCorr   .            (gloves currently unavailable)
SInv    .            (boots unavailable)
Will    +....        t - amulet of reflection
Stlth   ++           g - ring of willpower
HPRegen 0.27/turn    n - ring of fire
MPRegen 0.11/turn

%: reflection
@: lethally poisoned (0 -> -9), tree-form, hasted, very quick
A: stationary, stasis, torment immunity, boosted hp, (beak), (talons 3), nimble
flight
a: no special abilities


You were on level 6 of the Dungeon.
You were a tree.
You visited 1 branch of the dungeon, and saw 4 of its levels.

You collected 172 gold pieces.

Inventory:

Hand Weapons
 a - a +4 dagger (weapon)
 b - a +0 dagger
 e - a +0 club
 o - a +0 spear
Missiles
 d - 21 stones (quivered)
 q - 2 curare-tipped darts
Armour
 f - a +0 robe (melded)
Jewellery
 g - a ring of willpower (left branch)
 n - a ring of fire (right branch)
 t - an amulet of reflection (around neck)
Scrolls
 c - 4 scrolls of identify
 i - a scroll of enchant armour {unknown}
 l - a scroll of brand weapon {unknown}
 m - a scroll of poison {unknown}
 r - a scroll of summoning {unknown}
Potions
 k - a potion of magic
 s - a potion of ambrosia


   Skills:
 - Level 2.1 Dodging
 - Level 2.0 Stealth
 - Level 2.0 Spellcasting
 + Level 4.1 Conjurations
 * Level 5.9 Fire Magic


You had 5 spell levels left.
You knew the following spells:

 Your Spells              Type           Power      Damage    Failure   Level
a - Foxfire               Conj/Fire      100%       2x1d9     2%          1
b - Scorch                Fire           64%        2d7       2%          2

Your spell library contained the following spells:

 Spells                   Type           Power      Damage    Failure   Level
 Inner Flame              Hex/Fire       17%        N/A       17%         3
 Volatile Blastmotes      Fire/Tloc      34%        2d12      17%         3
 Flame Wave               Conj/Fire      28%        2d9       24%         4


Dungeon Overview and Level Annotations

Branches:
Dungeon (3/15)

Altars:
Hepliaklqana
Vehumet

Shops:
D:2 :


Innate Abilities, Weirdness & Mutations

You are a tree.
Your roots penetrate the ground, keeping you stationary.
You cannot be teleported.
You are immune to unholy pain and torment.
Your maximum health is greatly increased.
Your equipment is partially melded.
((You have a beak for a mouth.))
((You have claws for feet.))
Your magical nature lets you fly swiftly and evasively.


Message History

You block the hound's attack. The scorpion stings you.
* * * LOW HITPOINT WARNING * * *
The hound barely misses you.
The foxfire hits the scorpion.
The scorpion is lightly wounded.
The foxfire hits the scorpion.
The scorpion is lightly wounded.
You block the scorpion's attack. You block the hound's attack.
The scorpion stings you.
* * * LOW HITPOINT WARNING * * *
The scorpion attacks as you move away! The scorpion stings you.
* * * LOW HITPOINT WARNING * * *
The hound completely misses you.
Okay, then.
You feel better. The hound barely misses you. The scorpion stings you.
* * * LOW HITPOINT WARNING * * *
You feel yourself speed up. The hound bites you.
* * * LOW HITPOINT WARNING * * *
The scorpion barely misses you. The hound misses you. The scorpion stings you.
* * * LOW HITPOINT WARNING * * *
You are lethally poisoned!
The scorpion poisons you!
* * * LOW HITPOINT WARNING * * *
You feel very sick.
The kobold shouts!
You hear a shout!
* * * LOW HITPOINT WARNING * * *
You feel sick.
Really quaff the potion of lignification?
Okay, then.
Unknown command.
Unknown command.
Welcome back, shmup the Tengu Fire Elementalist.
Press ? for a list of commands and other information.
Cast which spell? (? or * to list)
Okay, then.
Really quaff the potion of lignification?
You turn into a tree.
Your +0 robe melds into your body.
Your roots penetrate the ground.
You die...

▒........▒....▒▒▒▒▒.
▒..$....▒▒.........
▒...........▒......
▒..................
▒▒▒▒.............▒..))
▒....(.....!.▒...K....
▒▒....o.▒▒▒...▒.......)
▒....sh..▒ ▒..........)
▒.....7..▒▒▒▒....K.....
▒...▒.▒....▒▒...▒......
▒▒.▒▒.▒▒........▒......
▒▒ ▒▒▒▒▒▒......▒▒..▒▒▒
▒▒▒....▒▒...▒ ▒..▒▒▒
...▒ ▒▒▒▒ ...


You could see an orc warrior, a scorpion and a hound.

Vanquished Creatures
  A kobold brigand (D:6)
  5 adders
  3 worms
  2 dart slugs (D:3)
  4 endoplasms
  6 giant cockroaches
  3 hobgoblins
  11 kobolds
  6 ball pythons
  7 bats
  6 frilled lizards
  5 goblins
  6 rats
65 creatures vanquished.

Vanquished Creatures (others)
  157 foxfires
157 creatures vanquished.

Grand Total: 222 creatures vanquished

Notes
Turn   | Place    | Note
-------+----------+-------------------------------------------
     0 | D:1      | shmup the Tengu Fire Elementalist began the quest for the
                  | Orb.
     0 | D:1      | Reached XP level 1. HP: 10/10 MP: 4/4
   231 | D:1      | Reached XP level 2. HP: 15/15 MP: 4/6
   410 | D:1      | Reached skill level 4 in Fire Magic
   791 | D:2      | Reached XP level 3. HP: 15/19 MP: 2/7
  1045 | D:2      | Reached XP level 4. HP: 22/24 MP: 6/8
  1048 | D:2      | Learned a level 2 spell: Scorch
  1072 | D:2      | Found Tenyhum's Book Boutique.
  1249 | D:2      | Found a radiant altar of Vehumet.
  1322 | D:2      | Reached skill level 5 in Fire Magic
  1587 | D:3      | Found a hazy altar of Hepliaklqana.
  2054 | D:3      | You fall into a shaft and drop 3 floors!
  2071 | D:6      | Noticed an ogre
  2080 | D:6      | Noticed a kobold brigand
  2096 | D:6      | Gained mutation: Your magical nature lets you fly swiftly
                  | and evasively. [Tengu growth]
  2096 | D:6      | Reached XP level 5. HP: 20/28 MP: 6/9
  2099 | D:6      | Killed a kobold brigand
  2122 | D:6      | Noticed an orc warrior
  2135 | D:6      | HP: 1/28 [poisoned by a scorpion]
  2136 | D:6      | Succumbed to a scorpion's poison

Illustrated notes

Levels and vault maps discovered:
D:1:      zaba_arrival_water, layout_rooms
D:2:      minmay_alternating_diamond, layout_basic, serial_shops, shop,
          basic_altar, hangedman_decor_clover_reticule, skrybe_limestone_x,
          kennysheep_generic_room_12
D:3:      layout_basic, mainiacjoe_overflow_small_starburst,
          portal_sewer_entry_d
D:6:      layout_cave_pools, gammafunk_ghost_nasty_kobolds, uniq_eustachio

Skill      XL: |  1  2  3  4  5 |
---------------+----------------+-----
Conjurations   | 2 3 4 |  4.1
Fire Magic     | 4 5 |  5.9
Dodging        | |  2.1
Stealth        | |  2.0
Spellcasting   | |  2.0

Action                     |  1- 3 |  4- 6 || total
---------------------------+-------+-------++-------
  Melee: Unarmed           |     4 |       ||     4
         Kick              |     3 |       ||     3
         Peck              |     1 |       ||     1
         Spear             |     2 |       ||     2
   Cast: Foxfire           |    39 |    45 ||    84
         Scorch            |       |     6 ||     6
    Use: Scroll            |     2 |     2 ||     4
         Potion            |       |     3 ||     3
 Armour: Robe              |     7 |     6 ||    13
  Dodge: Dodged            |    23 |    26 ||    49
  Block: Other             |       |    10 ||    10
         Reflection        |       |     4 ||     4
